 Dungeon Crawl Stone Soup version 0.32-a0-329-ge6c31236d6 (webtiles) character file.

Game seed: 1829149045162947069

93 Asceticacid the Ducker (level 4, 25/25 HPs)
             Began as a Felid Berserker on Feb 17, 2024.
             Was a Believer of Trog.
             Quit the game on level 2 of the Dungeon.
             The game lasted 00:02:23 (1248 turns).

Asceticacid the Ducker (Felid Berserker)            Turns: 1248, Time: 00:02:24

Health: 25/25      AC:  1    Str: 13    XL:     4   Next: 37%
Magic:  5/5        EV: 19    Int: 11    God:    Trog [**....]
Gold:   47         SH:  0    Dex: 17    Spells: 3/3 levels left
                                        Lives:  1   Deaths: 1

rFire   + .          .
                       - Unarmed
rCold   . . .        (shield unavailable)
rNeg    . . .        (body armour unavailable)
rPois   +            (helmet unavailable)
rElec   .            (cloak unavailable)
rCorr   .            (gloves unavailable)
SInv    +            (boots unavailable)
Will    .....        (no amulet)
Stlth   ++           a - ring of protection from fire
HPRegen 0.24/turn    d - ring of poison resistance
MPRegen 0.09/turn

%: no passive effects
@: no status effects
A: very small, claws 1, fangs 3, see invisible, shaggy fur 1, stealthy paws, no
weapons or thrown items, no armour, multi-lived
a: Renounce Religion, Berserk, Trog's Hand


You were on level 2 of the Dungeon.
You worshipped Trog.
Trog was pleased with you.
You visited 1 branch of the dungeon, and saw 2 of its levels.

You collected 47 gold pieces.

Inventory:

Jewellery
 a - a ring of protection from fire (left paw)
 d - a ring of poison resistance (right paw)
Talismans
 h - a flux talisman
Scrolls
 b - a scroll of noise {unknown}
 f - a scroll of fog {unknown}
 i - 4 scrolls of silence
 j - a scroll of blinking {unknown}
Potions
 c - a potion of lignification
 e - a potion of curing {unknown}


   Skills:
 + Level 3.6 Fighting
 + Level 4.5 Dodging
 + Level 0.9 Stealth
 + Level 4.2 Unarmed Combat
 * Level 0.4 Shapeshifting


You had 3 spell levels left.
You didn't know any spells.
Your spell library was empty.

Dungeon Overview and Level Annotations

Branches:
Dungeon (2/15)

Altars:


Innate Abilities, Weirdness & Mutations

You have sharp claws.
You have razor-sharp teeth.
You have supernaturally acute eyesight. (SInv)
You are covered in fur. (AC +1)
Your paws help you pounce on unaware monsters.
You are incapable of wielding weapons or throwing items.
You cannot wear armour.
You gain extra lives every three experience levels.


Message History

You scratch the adder.
You kill the adder!
Trog accepts your kill.
You barely miss the goblin. The goblin completely misses you.
You barely miss the goblin. The goblin misses you.
You scratch the goblin.
You kill the goblin!
Trog accepts your kill.
The goblin unwields a +0 sling.
The goblin wields a +0 dagger.
The goblin misses you.
Things that are here:
a +0 club; a bat corpse You miss the goblin.
You bite the goblin, but do no damage. The goblin closely misses you.
You miss the goblin. The goblin hits you with a +0 dagger.
You closely miss the goblin. The goblin misses you.
You claw the goblin!
You kill the goblin!
Trog accepts your kill.
Things that are here:
a +0 dagger; a +0 sling An ogre comes into view.
It is wielding a +0 giant club.
An ogre is nearby!
An ogre is nearby!
An ogre is nearby!
The ogre shouts!
The ogre attacks as it pursues you! The ogre closely misses you.
The ogre attacks as it pursues you!
The ogre hits you with a +0 giant club!!
Ouch! That really hurt!
* * * LOW HITPOINT WARNING * * *
A red film seems to cover your vision as you go berserk!
You feel yourself moving faster!
You feel mighty!
You mangle the ogre!! You bite the ogre!
The ogre is almost dead.
The ogre hits you with a +0 giant club!!
Ouch! That really hurt!
You die...
You rejoin the land of the living...
Are you sure you want to abandon this character and quit the game? (Confirm with "yes".)

.....# #.# #.# ###
###.## ...### #.#
#.# #<# ###.##
########.#
#####.#####.# ###...
#..))...#
#...#.......#####.#.
#†#######
#.#.#.............#.
#O#
#.#.#.......###.....
##.#
#.#.#.......#####...
...#
#...........#.......
...#
###@##......#.......
...###
#....|....'.......
.....#
####......#.......
.....#
#.....†#...<...
.....#
#......#.......
...#.#
#####....######
..##.#* #....#
#(#,..** #....#
.#,*#..* #....######


There were no monsters in sight!

Vanquished Creatures
  An adder (D:2)
  3 dart slugs (D:1)
  6 bats
  4 endoplasms
  2 giant cockroaches (D:1)
  5 goblins
  4 hobgoblins
  3 jackals (D:2)
  5 quokkas
  4 kobolds
  5 rats
42 creatures vanquished.

Notes
Turn   | Place    | Note
-------+----------+-------------------------------------------
     0 | D:1      | Asceticacid the Felid Berserker began the quest for the
                  | Orb.
     0 | D:1      | Reached XP level 1. HP: 12/12 MP: 2/2
   148 | D:1      | Reached XP level 2. HP: 16/16 MP: 3/3
   291 | D:1      | Reached XP level 3. HP: 20/20 MP: 4/4
   609 | D:1      | Reached ** piety under Trog
  1053 | D:2      | Reached XP level 4. HP: 22/24 MP: 5/5
  1053 | D:2      | Gained a life (2 lives remaining)
  1239 | D:2      | Noticed an ogre
  1247 | D:2      | Mangled by an ogre
  1247 | D:2      | Lost a life (1 life remaining)
  1248 | D:2      | Quit the game

Illustrated notes

Levels and vault maps discovered:
D:1:      hellmonk_arrival_library, layout_basic
D:2:      layout_basic, basic_altar, serial_bayou_pond_e, minmay_tetromino_s4

Skill      XL: |  1  2  3 |
---------------+----------+-----
Unarmed Combat | 4 |  4.2
Fighting       | |  3.6
Dodging        | |  4.5
Stealth        | |  0.9
Shapeshifting  | |  0.4

Action                     |  1- 3 |  4- 6 || total
---------------------------+-------+-------++-------
  Melee: Unarmed           |    93 |    28 ||   121
         Bite              |    11 |     2 ||    13
         Punch             |     2 |       ||     2
 Invoke: Berserk           |       |     1 ||     1
    Use: Scroll            |     5 |       ||     5
   Stab: Sleeping          |     3 |       ||     3
 Armour: Skin              |    28 |    10 ||    38
  Dodge: Dodged            |    84 |    27 ||   111

Table legend: (Time is in decaauts)
 A = Elapsed time spent in this place.
 B = Non-inter-level travel time spent in this place.
 C = Inter-level travel time spent in this place.
 D = Time resting spent in this place.
 E = Time spent auto-exploring this place.
 F = Levels seen in this place.
 G = Mean time per level.
                   A        B        C        D        E       F      G
               +--------+--------+--------+--------+--------+-----+--------+
         Total |   1238 |   1174 |     64 |     25 |    775 |   2 |  619.0 |
       Dungeon |   1238 |   1174 |     64 |     25 |    775 |   2 |  619.0 |
               +--------+--------+--------+--------+--------+-----+--------+

Top non-repeatable levels by time:
     D:1: 845 daAuts
     D:2: 393 daAuts
